 Dungeon Crawl Stone Soup version 0.30-a0-218-gedb9141078 (webtiles) character file.

Game seed: 970082437413124937

28 Essalna the Covered (level 3, 33/33 HPs)
             Began as an Armataur Berserker on Oct 5, 2022.
             Was a Believer of Trog.
             Got out of the dungeon alive.
             The game lasted 00:02:13 (709 turns).

Essalna the Covered (Armataur Berserker)             Turns: 709, Time: 00:02:13

Health: 33/33      AC:  4    Str: 24    XL:     3   Next: 0%
Magic:  3/3        EV:  9    Int:  7    God:    Trog [**....]
Gold:   9          SH:  0    Dex:  9    Spells: 2/2 levels left

rFire   . . .      SeeInvis .    a - +0 falchion
rCold   . . .      Faith    .    (no shield)
rNeg    . . .      Spirit   .    b - +0 animal skin
rPois   .          Reflect  .    (no helmet)
rElec   .          Harm     .    (no cloak)
rCorr   .          Roll     +    (no gloves)
Will    .....                    (no barding)
Stlth   +.........               (no amulet)
HPRegen 0.25/turn                (no ring)
MPRegen 0.08/turn                (no ring)

@: no status effects
A: large, rugged brown scales 3, deformed body, armoured tail, roll, long
tongue, awkward tongue
a: Renounce Religion, Berserk, Trog's Hand


You escaped.
You worshipped Trog.
Trog was pleased with you.
You visited 1 branch of the dungeon, and saw 1 of its levels.

You collected 9 gold pieces.

Inventory:

Hand Weapons
 a - a +0 falchion (weapon)
Armour
 b - a +0 animal skin (worn)
 f - a +0 pair of gloves
Scrolls
 d - a scroll of fear {unknown}
Potions
 c - a potion of brilliance {unknown}
 e - a potion of cancellation {unknown}


   Skills:
 + Level 3.1 Fighting
 + Level 3.1 Long Blades
 + Level 3.1 Armour
 - Level 1.3 Dodging


You had 2 spell levels left.
You didn't know any spells.
Your spell library was empty.

Dungeon Overview and Level Annotations

Branches:
Dungeon (1/15)

Altars:

Shops:
D:1 *


Innate Abilities, Weirdness & Mutations

You are completely covered in rugged brown scales. (AC +3, +7% HP)
Armour fits poorly on your strangely shaped body.
You have a long armoured tail.
You roll when moving toward enemies. (Rampage)
Your long tongue fully drains potion bottles. (2x potion effects)
Your tongue gives you trouble enunciating. (1.5x scroll delay)


Message History

You see here a jackal skeleton.
Things that are here:
a +0 dagger; a jackal skeleton; a goblin skeleton
Things that are here:
a +1 dagger of pain; a goblin skeleton
Things that are here:
a rat skeleton; a ball python skeleton You open the door.
There is an open door here.
A frilled lizard comes into view.
Found a pair of gloves.
A frilled lizard is nearby!
You roll towards the frilled lizard!
You roll towards the frilled lizard!
You roll towards the frilled lizard!
The helpless frilled lizard fails to defend itself.
You hit the frilled lizard.
You kill the frilled lizard!
Trog accepts your kill.
You can now call upon Trog for regeneration and willpower.
You have reached level 3!
Your experience leads to an increase in your attributes!
Increase (S)trength, (I)ntelligence, or (D)exterity?
You feel stronger. x2
You see here a +0 pair of gloves.
f - a +0 pair of gloves You are already wielding that!
Unknown command.
Done exploring.
Done exploring.
You open the door.
There is an open door here.
You see here a +1 dagger of pain.
Things that are here:
a +0 dagger; a jackal skeleton; a goblin skeleton You see here a jackal skeleton.
There is an open door here.
There is a staircase leading out of the dungeon here.
Are you sure you want to leave the Dungeon?
This will make you lose the game!
You have escaped!

#.## ##..#####.#####.#....#'
##..## #...#...#.#...#.#......
.....### #.#.#...'.#...#.#.#..#.
....)).####.#.#...#.#...#.#.#..#.
....##รท##...#.#####.##'##.#.#....
....##.##...#...............#.###
....##..#.....##'##.#####........
....###.#.....#...#.#...#.###.###
....# #.....#.#.@.#.'.>.#.###.#
....# ##..(.#.#...#.#...#.#...#
....# #....#.#####.#####.#.###
....# #....#...............# ....#
##........#.........## '####
#######......############ .#
#.##>#.######...... .#
#.##.#.##...#.####. .#
#.##.#.##.#.#.#.##.


There were no monsters in sight!

Vanquished Creatures
  2 dart slugs (D:1)
  3 ball pythons (D:1)
  An endoplasm (D:1)
  4 goblins (D:1)
  4 jackals (D:1)
  2 quokkas (D:1)
  2 bats (D:1)
  2 frilled lizards (D:1)
  2 rats (D:1)
22 creatures vanquished.

Notes
Turn   | Place    | Note
-------+----------+-------------------------------------------
     0 | D:1      | Essalna the Armataur Berserker began the quest for the Orb.
     0 | D:1      | Reached XP level 1. HP: 19/19 MP: 1/1
    15 | D:1      | Found Paecuest's Assorted Antiques.
    49 | D:1      | Found a faded altar of an unknown god.
   181 | D:1      | Reached XP level 2. HP: 26/26 MP: 2/2
   339 | D:1      | HP: 2/40 [jackal (2)]
   674 | D:1      | Reached ** piety under Trog
   675 | D:1      | Reached XP level 3. HP: 33/33 MP: 3/3
   709 | D:$      | Got out of the dungeon alive.

Illustrated notes

Levels and vault maps discovered:
D:1:      minmay_arrival_four_houses, layout_basic, serial_shops,
          nicolae_shop_trees, hellmonk_ecumenical_altar_zigzags

Skill      XL: |  1  2 |
---------------+-------+-----
Fighting       | 3 |  3.1
Long Blades    | 3 |  3.1
Armour         | 3 |  3.1
Dodging        | |  1.3

Action                   || total
-------------------------++-------
Melee: Falchion          ||    64
       Tailslap          ||     4
       Punch             ||     1
Invok: Berserk           ||     1
 Stab: Sleeping          ||     1
Armor: Animal skin       ||    43
Dodge: Dodged            ||    63

Table legend: (Time is in decaauts)
 A = Elapsed time spent in this place.
 B = Non-inter-level travel time spent in this place.
 C = Inter-level travel time spent in this place.
 D = Time resting spent in this place.
 E = Time spent auto-exploring this place.
 F = Levels seen in this place.
 G = Mean time per level.
                   A        B        C        D        E       F      G
               +--------+--------+--------+--------+--------+-----+--------+
         Total |    722 |    695 |     27 |      0 |    562 |   1 |  722.0 |
       Dungeon |    722 |    695 |     27 |      0 |    562 |   1 |  722.0 |
               +--------+--------+--------+--------+--------+-----+--------+

Top non-repeatable levels by time:
     D:1: 722 daAuts
